AoeStats
← Babuali

Arena

510367840Analyzed
1v1 RM · 1d ago on Sep 30, 2026· 37m 49s· 2 players
Game mode
Random Map
Map size
Tiny (2 player)
Population
200
Speed
Normal
Resources
Standard
Victory
Conquest
Starting age
Dark Age
Ending age
Imperial Age
RankedLock teamsTeams togetherTeam positionsShared explorationLock speedFull tech treeHidden civsTurbo modeCheats
Victory
Defeat
🇲🇽 Poles · Mexico
1229
+16
🇹🇷 Italians · Türkiye
1229
-16
dani_guzmam13
10:43 Feudal Age
15:41 Castle Age
13:55 Double-Bit Axe
14:33 Horse Collar
19:17 Bow Saw
21:06 Heavy Plow
20:58 Gold Mining
22:22 Wheelbarrow
24:05 Hand Cart
26:48 Imperial Age
25:30 Fletching
26:07 Bodkin Arrow
26:59 Padded Archer Armor
27:52 Conscription
27:53 Bracer
27:15 Crossbowman
28:01 Arbalester
28:48 Thumb Ring
29:52 Chemistry
29:26 Leather Archer Armor
29:16 Stone Mining
30:26 Crop Rotation
30:21 Ballistics
30:24 Scale Barding Armor
31:19 Stone Shaft Mining
33:51 Szlachta Privileges
34:28 Bloodlines
34:19 Cavalier
35:01 Husbandry
36:23 Chain Barding Armor
36:14 Forging
Babuali
9:43 Loom
11:31 Feudal Age
16:31 Castle Age
14:46 Double-Bit Axe
16:37 Wheelbarrow
18:49 Horse Collar
21:08 Heavy Plow
24:38 Bow Saw
24:29 Gold Mining
28:24 Imperial Age
26:02 Town Watch
27:17 Padded Archer Armor
27:07 Fletching
27:35 Hand Cart
28:00 Town Patrol
28:42 Ballistics
28:53 Stone Mining
29:18 Bodkin Arrow
29:39 Leather Archer Armor
29:57 Conscription
30:40 Chemistry
30:46 Bracer
30:20 Elite Genoese Crossbowman
30:49 Crossbowman
32:06 Arbalester
33:00 Elite Skirmisher
35:39 Ring Archer Armor
36:57 Scale Barding Armor
36:52 Scale Mail Armor
37:03 Forging
Connection lost

Rejoining the realm…

Still unreachable

The connection could not be restored.

Session expired

The server has moved on; the page needs a fresh start.